 Dungeon Crawl Stone Soup version 0.27.1-35-g4d5d836560 (console) character file.

Game seed: 895609768509628884

3918 grimtooth the Frost Mage (level 10, -7/51 HPs)
             Began as a Gargoyle Ice Elementalist on Aug 17, 2022.
             Was a Priest of Sif Muna.
             Mangled by an orc warlord (26 damage)
             ... in a bailey on Aug 18, 2022.
             The game lasted 00:52:02 (7341 turns).

grimtooth the Frost Mage (GrIE)                     Turns: 7341, Time: 00:52:02

Health: -7/51      AC: 19    Str: 13    XL:     10   Next: 20%
Magic:  17/17      EV: 12    Int: 18    God:    Sif Muna [***...]
Gold:   254        SH:  0    Dex: 16    Spells: 7/19 levels left

rFire    . . .     SeeInvis .   a - +1 flail (protect)
rCold    . . .     Faith    .   (no shield)
rNeg     + . .     Spirit   .   m - +0 robe
rPois    ∞         Reflect  .   (no helmet)
rElec    +         Harm     .   u - +0 cloak
rCorr    .         Rampage  .   (no gloves)
Will     .....                  p - +0 pair of boots
Stlth    ++........             J - amulet of regeneration
HPRegen  1.17/turn              j - ring of flight
MPRegen  0.15/turn              r - +6 ring of dexterity

@: ice-armoured, freezing walls, flying
A: sickness immunity, AC +7, negative energy resistance 1, electricity
resistance, torment resistance 1, petrification resistance
a: Renounce Religion, Channel Magic, Forget Spell


You were in a bailey.
You worshipped Sif Muna.
Sif Muna was most pleased with you.
You visited 2 branches of the dungeon, and saw 9 of its levels.
You also visited: Bailey.

You collected 254 gold pieces.

Inventory:

Hand Weapons
 a - a +1 flail of protection (weapon)
 b - a +2 hunting sling of freezing
 d - a +2 whip of freezing
 G - a +0 vampiric dagger
Missiles
 e - 4 javelins
 k - 115 stones
 v - 11 poisoned darts (quivered)
 D - 8 boomerangs
 K - 15 sling bullets
Armour
 m - a +0 robe (worn)
 p - a +0 pair of boots (worn)
 u - a +0 cloak (worn)
 F - a +1 scale mail of fire resistance
Magical Staves
 h - a staff of conjuration
Jewellery
 j - a ring of flight (left hand)
 r - a +6 ring of dexterity (right hand)
 J - an amulet of regeneration (around neck)
Wands
 E - a wand of flame (13)
 H - a wand of iceblast (5)
Scrolls
 f - 3 scrolls of amnesia {unknown}
 g - a scroll of immolation {unknown}
 i - 3 scrolls of fear {unknown}
 o - a scroll of holy word {unknown}
 s - 4 scrolls of teleportation {unknown}
 y - 3 scrolls of blinking {unknown}
 B - 2 scrolls of enchant armour {unknown}
 C - a scroll of noise {unknown}
 I - a scroll of magic mapping {unknown}
 M - a scroll of fog {unknown}
 N - 3 scrolls of summoning {unknown}
Potions
 c - a potion of curing
 l - 2 potions of resistance
 n - a potion of haste
 q - 2 potions of flight
 t - 3 potions of might {unknown}
 w - 2 potions of ambrosia
 x - 2 potions of heal wounds {unknown}
 z - 2 potions of brilliance {unknown}
 A - a potion of attraction
 L - a potion of magic {unknown}


   Skills:
 - Level 0.4 Fighting
 - Level 1.5 Dodging
 - Level 2.1 Stealth
 + Level 5.2 Spellcasting
 - Level 6.0 Conjurations
 - Level 9.0 Ice Magic
 - Level 9.0 Earth Magic
 * Level 5.5 Invocations


You had 7 spell levels left.
You knew the following spells:

 Your Spells              Type           Power      Damage    Failure   Level
a - Freeze                Ice            100%       1d11      1%          1
b - Ozocubu's Armour      Ice            37%        N/A       1%          3
c - Frozen Ramparts       Ice            74%        1d9       1%          3
f - Hailstorm             Conj/Ice       31%        3d8       6%          4
z - Sandblast             Erth           74%        2d16      1%          1

Your spell library contained the following spells:

 Spells                   Type           Power      Damage    Failure   Level
 Magic Dart               Conj           100%       1d8       1%          1
 Searing Ray              Conj           52%        3d5       1%          2
 Passwall                 Tmut/Erth      16%        N/A       3%          2
 Lee's Rapid Deconstruct  Erth           18%        3d12*     9%          5
 Corpse Rot               Necr/Air       N/A        N/A       21%         2
 Fulminant Prism          Conj/Hex       7%         3d7       36%         4
 Dispel Undead            Necr           4%         3d7       78%         4
 Death Channel            Necr           2%         N/A       100%        6


Dungeon Overview and Level Annotations

Branches:
Dungeon (8/15)             Temple (1/1) D:4          Bailey (1/1)
   Lair: D:8-11

Altars:
Cheibriados
Elyvilon
Fedhas
Kikubaaqudgha
Nemelex Xobeh
Okawaru
Qazlal
Ru
Sif Muna
Trog
Uskayaw
Vehumet
Wu Jian
Xom
Yredelemnul
Zin

Shops:
D:3 :

Annotations:
D:4 1 runed translucent door, cbfl8's ghost, weakling MiDe
D:7 Harold


Innate Abilities, Weirdness & Mutations

You are immune to sickness and miasma.
Your stone body is resilient. (AC +7)
You are immune to poison.
You resist negative energy. (rN+)
You are resistant to electric shocks. (rElec)
You are resistant to unholy torment.
You are immune to petrification.


Message History

Here: an orc warlord, wielding a +1 great sword of draining and wearing a +0 chain mail (moderately wounded, strong)
Items here: ))) [[[ †.
The floor.
Okay, then.
Press: ? - help, v - describe, . - travel, g - get item
Here: an orc warlord, wielding a +1 great sword of draining and wearing a +0 chain mail (moderately wounded, strong)
Items here: ))) [[[ †.
The floor.
Aiming: Iceblast
Press: ? - help, Shift-Dir - straight line, f - orc warlord
Aim: an orc warlord, wielding a +1 great sword of draining and wearing a +0 chain mail (moderately wounded, strong)
The mass of ice explodes!
The iceblast engulfs the orc warlord.
The orc warlord is moderately wounded.
The iceblast engulfs the orc warrior!
You kill the orc warrior!
Sif Muna accepts your kill.
The iceblast engulfs the orc warrior!
The orc warrior is almost dead.
You feel less invigorated.
The wall freezes the orc warlord.
The wall freezes the orc warrior.
Press: ? - help, v - describe, . - travel, g - get item
Here: an orc warlord, wielding a +1 great sword of draining and wearing a +0 chain mail (heavily wounded, strong)
Items here: )) [[ †.
An open door.
Press: ? - help, v - describe, . - travel, g - get item
Here: an orc warlord, wielding a +1 great sword of draining and wearing a +0 chain mail (heavily wounded, strong)
Items here: )) [[ †.
An open door.
You barely miss the orc warlord.
The orc warlord is heavily wounded.
The wall freezes the orc warlord.
The orc warlord hits you with a +1 great sword of draining!!
Ouch! That really hurt!
The wall freezes the orc warrior.
You kill the orc warrior!
Sif Muna accepts your kill.
The wall freezes the orc warlord.
The orc warlord hits you with a +1 great sword of draining!!
Ouch! That really hurt!
You die...

........))...........#
...⌠....)#.....⌠.....#
.........#...........#
.........#...........#
........###.......))###
#.....###.###.....#)#.###
###.###
...###.###.)...### ..###
.... ###.........## ...#
..... #8..........# ...#
....))#8..........# ...#
....)oo@....⌠....∩# ...#
.....)#8..........# ...#
....) #8..........# ..###
.... ###.........##
###.###
...###.###)....###
#.....###.###.....#)#.###
).......###........)###
.........#...........#
.........#...........#
...⌠.....#)....⌠.....#
.........))...)......#


You could see an orc warlord (strong) and an orc knight (strong).

Vanquished Creatures
  Pikel (D:6)
  Edmund (D:4)
  2 black bears
  14 orc warriors
  A necrophage (D:4)
  An ogre (D:4)
  2 centaurs
  4 lemures (D:6)
  A bullfrog (D:7)
  2 scorpions (D:4)
  A gnoll sergeant (D:8)
  A water moccasin skeleton (D:5)
  2 howler monkeys
  A bullfrog zombie (D:6)
  A centaur zombie (D:6)
  4 hounds
  Crazy Yiuf (D:3)
  5 orc priests
  A jelly (D:6)
  2 gnoll shamans
  An iguana (D:3)
  Terence (D:2)
  Jessica (D:2)
  Natasha (thrice) (D:4)
  6 orc wizards
  A scorpion zombie (D:5)
  A hound skeleton (D:4)
  27 gnolls
  3 adders
  An ufetubus (D:7)
  2 worms
  4 dart slugs
  36 orcs
  6 endoplasms
  2 giant cockroaches (D:1)
  27 goblins
  24 hobgoblins
  8 jackals
  9 ball pythons
  7 bats
  8 frilled lizards
  7 kobolds
  6 rats
239 creatures vanquished.

Notes
Turn   | Place    | Note
-------+----------+-------------------------------------------
     0 | D:1      | grimtooth the Gargoyle Ice Elementalist began the quest for
                  | the Orb.
     0 | D:1      | Reached XP level 1. HP: 10/10 MP: 3/3
   318 | D:1      | Reached XP level 2. HP: 15/15 MP: 3/5
   556 | D:1      | Found a faded altar of an unknown god.
   712 | D:1      | Reached XP level 3. HP: 18/19 MP: 2/6
  1534 | D:2      | Reached XP level 4. HP: 22/24 MP: 6/8
  1553 | D:2      | Noticed Terence
  1681 | D:2      | Noticed Jessica
  1884 | D:2      | Killed Jessica
  1885 | D:2      | Reached skill level 5 in Ice Magic
  2032 | D:2      | Noticed a black bear
  2041 | D:2      | Killed a black bear
  2042 | D:2      | Reached XP level 5. HP: 14/28 MP: 5/11
  2189 | D:2      | Learned a level 3 spell: Ozocubu's Armour
  2193 | D:2      | Learned a level 3 spell: Frozen Ramparts
  2263 | D:2      | Killed Terence
  2264 | D:2      | Reached XP level 6. HP: 32/32 MP: 2/12
  2394 | D:3      | Found Ydamnus's Book Shoppe.
  2832 | D:3      | Found an iron altar of Okawaru.
  2921 | D:3      | Found a runed translucent door.
  2922 | D:3      | Noticed Crazy Yiuf
  2931 | D:3      | Killed Crazy Yiuf
  3055 | D:4      | Noticed a necrophage
  3100 | D:4      | Reached XP level 7. HP: 32/36 MP: 2/13
  3397 | D:4      | Found a staircase to the Ecumenical Temple.
  3413 | Temple   | Entered the Ecumenical Temple
  3459 | Temple   | Became a worshipper of Sif Muna the Loreminder
  3498 | D:4      | Found a runed translucent door.
  3503 | D:4      | Noticed cbfl8's ghost (weakling MiDe)
  3659 | D:4      | Noticed Natasha
  3665 | D:4      | Killed Natasha
  3802 | D:4      | Noticed Natasha
  3809 | D:4      | Killed Natasha
  3845 | D:4      | Noticed Natasha
  3850 | D:4      | Killed Natasha
  3851 | D:4      | Reached skill level 1 in Conjurations
  3851 | D:4      | Reached XP level 8. HP: 41/41 MP: 7/14
  4207 | D:5      | Entered Level 5 of the Dungeon
  4556 | D:5      | Found a radiant altar of Vehumet.
  5186 | D:5      | Reached * piety under Sif Muna
  5353 | D:5      | Reached skill level 5 in Conjurations
  5357 | D:5      | Noticed Edmund
  5358 | D:5      | Learned a level 1 spell: Sandblast
  5424 | D:4      | Killed Edmund
  5626 | D:5      | Reached skill level 1 in Earth Magic
  5964 | D:6      | Noticed Pikel
  5972 | D:6      | Killed Pikel
  5973 | D:6      | Reached XP level 9. HP: 45/45 MP: 6/15
  6174 | D:6      | Found a stormy altar of Qazlal.
  6617 | D:7      | Reached ** piety under Sif Muna
  6701 | D:7      | Noticed Harold
  6887 | D:8      | Found a flagged portal.
  6899 | Bailey   | Entered a bailey
  7032 | Bailey   | Reached skill level 1 in Invocations
  7115 | Bailey   | Reached *** piety under Sif Muna
  7234 | Bailey   | Reached XP level 10. HP: 47/51 MP: 10/17
  7330 | Bailey   | Learned a level 4 spell: Hailstorm
  7331 | Bailey   | Noticed an orc warlord
  7336 | Bailey   | Reached skill level 5 in Spellcasting
  7336 | Bailey   | Noticed an orc knight
  7338 | Bailey   | Reached skill level 5 in Invocations
  7341 | Bailey   | Mangled by an orc warlord

Illustrated notes

Levels and vault maps discovered:
D:1:      scummos_arrival_hexagon, layout_basic, ebering_ecumenical_altar_ruins
D:2:      layout_rooms, chequers_serial_rivers_large_a, uniq_jessica,
          uniq_terence
D:3:      layout_loops_ring, mainiacjoe_overflow_paths, serial_shops,
          nicolae_shop_trees, hex_medium, guppyfry_early_lair_pool,
          uniq_crazy_yiuf_cottage
D:4:      layout_basic, minmay_temple_entry_gardened_gates,
          ebering_ghost_sewer_d, uniq_natasha
D:5:      layout_loops_cross, vehumet_altar_wand_db, uniq_edmund
D:6:      layout_gridville, general_overflow_altar, uniq_pikel
D:7:      layout_loops_ring, beargit_hepliaklqana_dungeon_heroes,
          nicolae_tso_besieged_by_evil, kennysheep_generic_room_10, uniq_harold
D:8:      layout_basic, enter_bailey_3
Temple:   cyrus_circular_temple
Bailey:   bailey_axe_minmay_hex_keep, bailey

Skill      XL: |  1  2  3  4  5  6  7  8  9 10 |
---------------+-------------------------------+-----
Spellcasting   | 3 4 5 |  5.2
Ice Magic      | 5 6 7 8 9 |  9.0
Conjurations   | 1 6 |  6.0
Earth Magic    | 6 9 |  9.0
Invocations    | 3 5 |  5.5
Fighting       | |  0.4
Dodging        | |  1.5
Stealth        | |  2.1

Action                   |  1- 3 |  4- 6 |  7- 9 | 10-12 || total
-------------------------+-------+-------+-------+-------++-------
Melee: Unarmed           |     1 |       |       |       ||     1
       Dagger            |       |     7 |    45 |       ||    52
       Staff             |       |       |     8 |       ||     8
       Flail             |       |       |    52 |     5 ||    57
 Fire: Hunting sling     |       |    17 |   180 |    10 ||   207
Throw: Javelin           |     2 |     1 |       |       ||     3
       Stone             |       |     3 |     1 |       ||     4
       Dart              |       |       |     8 |     3 ||    11
 Cast: Freeze            |    66 |    65 |    77 |     1 ||   209
       Ozocubu's Armour  |       |     3 |    24 |     2 ||    29
       Frozen Ramparts   |       |     2 |    26 |     2 ||    30
       Sandblast         |       |       |     1 |       ||     1
       Hailstorm         |       |       |       |     4 ||     4
Invok: Channel Magic     |       |       |       |     1 ||     1
Evoke: Wand              |       |       |     2 |     1 ||     3
  Use: Scroll            |       |       |     4 |       ||     4
       Potion            |       |       |     1 |       ||     1
 Stab: Sleeping          |       |     2 |       |       ||     2
Armor: Robe              |    19 |    26 |   186 |     4 ||   235
Dodge: Dodged            |    41 |    36 |   184 |     4 ||   265
